 Dungeon Crawl Stone Soup version 0.23-a0-644-gb60d84b (webtiles) character file.

401 BaronVonScrub the Ruffian (level 6, -4/59 HPs)
             Began as a Troll Monk on Jan 1, 2019.
             Splashed by Ijyb's acid (18 damage)
             ... on level 4 of the Dungeon.
             The game lasted 00:10:00 (2658 turns).

BaronVonScrub the Ruffian (Troll Monk)              Turns: 2658, Time: 00:10:03

Health: -4/59      AC: -2    Str: 22    XL:     6   Next: 54%
Magic:  5/5        EV: 11    Int:  6    God:
Gold:   171        SH:  0    Dex: 12    Spells: 5/5 levels left

rFire    . . .     SeeInvis .     - Unarmed
rCold    . . .     Gourm    +   (no shield)
rNeg     . . .     Faith    .   a - +1 robe
rPois    .         Spirit   .   (helmet restricted)
rElec    +         Reflect  .   (no cloak)
rCorr    .         Harm     .   (gloves unavailable)
MR       .....                  (boots unavailable)
Stlth    ++........             (no amulet)
HPRegen  0.59/turn              (no ring)
MPRegen  0.09/turn              (no ring)

@: corroded
A: large, unfitting armour, claws 3, fast metabolism 3, gourmand, regeneration
1, shaggy fur 1, electricity resistance, tough skin 2
a: no special abilities


You were on level 4 of the Dungeon.
You were completely stuffed.

You visited 1 branch of the dungeon, and saw 4 of its levels.

You collected 171 gold pieces.

Inventory:

Armour
 a - a +1 robe (worn)
Wands
 i - a wand of clouds (5)
Scrolls
 c - a scroll of remove curse
 d - 3 scrolls of teleportation
 e - a scroll of identify
 j - a scroll of amnesia
 l - a scroll of enchant armour
Potions
 f - a potion of might {unknown}
 g - a potion of curing
Comestibles
 b - 5 rations
 h - 11 chunks of flesh


   Skills:
 + Level 2.9 Fighting
 + Level 3.4 Dodging
 - Level 1.6 Stealth
 * Level 6.1 Unarmed Combat


You had 5 spell levels left.
You didn't know any spells.
Your spell library was empty.

Dungeon Overview and Level Annotations

Branches:
Dungeon (4/15)
 Temple: D:4-7

Altars:
The Shining One

Annotations:
D:4 Ijyb


Innate Abilities, Weirdness & Mutations

You are too large for most types of armour.
You have claws for hands.
Your metabolism is lightning-fast.
You like to eat raw meat.
Your natural rate of healing is unusually fast.
You are covered in fur. (AC +1)
You have very tough skin. (AC +2)
You are resistant to electric shocks. (rElec)


Message History

The orc wizard is almost dead.
The orc wizard hits you but does no damage.
You barely miss the orc wizard.
The orc wizard is almost dead.
The orc hits you but does no damage. The orc wizard barely misses you.
You closely miss the orc wizard. You claw the orc wizard.
You kill the orc wizard!
Your Unarmed Combat skill increases to level 6!
The orc closely misses you.
You closely miss Ijyb. The orc hits you but does no damage.
You closely miss Ijyb. The orc barely misses you.
Ijyb zaps a wand.
The bolt of acid hits you! The acid corrodes you!
You are splashed with acid!
The acid burns!
Ijyb zaps a wand.
The bolt of acid hits the orc.
The orc is splashed with acid.
The acid corrodes the orc!
The orc dies!
The bolt of acid hits you!
* * * LOW HITPOINT WARNING * * *
The acid corrodes you!
You are splashed with acid!
The acid burns!
You die...

################ #
................ .#####
.#######.##########...(..
.#######........@......#
..........#######[.....#
.......).## #...)og......
......##)# #.###......#.
.##.#.##.# ##...#.#
.##.#.##.# #......
.##....#.# ..###.
)##......### ..#
.รท.......... ..#


You could see Ijyb and an orc.

Vanquished Creatures
  A centaur (D:4)
  A howler monkey (D:4)
  2 hounds (D:4)
  2 orc wizards (D:4)
  An orc priest (D:4)
  Robin (D:3)
  5 adders
  An ooze (D:3)
  3 dart slugs
  A leopard gecko (D:2)
  2 orcs (D:4)
  2 bats (D:1)
  4 giant cockroaches (D:1)
  16 goblins
  7 hobgoblins
  3 jackals (D:3)
  9 kobolds
  A quokka (D:2)
  4 frilled lizards (D:3)
  5 rats
71 creatures vanquished.

Vanquished Creatures (others)
  An orc (D:4)
1 creature vanquished.

Grand Total: 72 creatures vanquished

Notes
Turn   | Place    | Note
-------+----------+-------------------------------------------
     0 | D:1      | BaronVonScrub the Troll Monk began the quest for the Orb.
     0 | D:1      | Reached XP level 1. HP: 22/22 MP: 0/0
   283 | D:1      | Reached XP level 2. HP: 29/29 MP: 1/1
  1055 | D:2      | Reached XP level 3. HP: 36/36 MP: 2/2
  1332 | D:2      | Found a glowing golden altar of the Shining One.
  1709 | D:2      | Gained mutation: You are resistant to electric shocks.
                  | (rElec) [potion of mutation]
  1736 | D:3      | Reached skill level 4 in Unarmed Combat
  1736 | D:3      | Reached XP level 4. HP: 39/44 MP: 3/3
  2057 | D:3      | Noticed Robin
  2128 | D:3      | Killed Robin
  2509 | D:4      | Reached XP level 5. HP: 52/52 MP: 4/4
  2574 | D:4      | Noticed a centaur
  2582 | D:4      | Reached skill level 5 in Unarmed Combat
  2589 | D:4      | Killed a centaur
  2589 | D:4      | Reached XP level 6. HP: 44/59 MP: 5/5
  2651 | D:4      | Noticed Ijyb
  2655 | D:4      | Reached skill level 6 in Unarmed Combat
  2658 | D:4      | Splashed by Ijyb's acid

Vault maps used:
D:1:      dpeg_arrival_leaves_temple_mockup
D:2:      tso_altar, serial_co_window_serial, co_window_corner_a,
          co_window_paths_a, co_window_corner_a, co_window_corner_a,
          co_window_paths_b, co_window_of_opportunity_c, co_window_corner_b,
          co_window_unsneaky_path_d, co_window_4corner_a, co_window_sun,
          glass_columns_b, glass_columns_a
D:3:      uniq_robin
D:4:      vehumet_altar_wand_db, minmay_overflow_temple_star_quad,
          corexii_shack, uniq_ijyb

Skill      XL: |  1  2  3  4  5  6 |
---------------+-------------------+-----
Unarmed Combat | 4 5 6 |  6.1
Dodging        | 3 |  3.4
Fighting       | |  2.9
Stealth        | |  1.6

Action                   |  1- 3 |  4- 6 || total
-------------------------+-------+-------++-------
Melee: Unarmed           |    90 |   132 ||   222
       Punch             |       |     5 ||     5
  Use: Scroll            |     8 |     1 ||     9
       Potion            |     3 |     2 ||     5
 Stab: Sleeping          |     2 |     2 ||     4
  Eat: Chunk             |    19 |    11 ||    30
Armor: Robe              |    25 |    36 ||    61
Dodge: Dodged            |    54 |    60 ||   114

Table legend:
 A = Non-vault XP
 B = Vault XP
 C = Vault XP percentage of total XP
 D = Non-vault monster count
 E = Vault monster count
 F = Vault count percentage of total count
                 A         B        C        D         E       F
            +---------+---------+-------+---------+---------+-------
      Total |     540 |      34 |   5.9 |      61 |      10 |  14.1
            +---------+---------+-------+---------+---------+-------
        D:1 |      37 |       0 |   0.0 |      20 |       0 |   0.0
        D:2 |      46 |       0 |   0.0 |      13 |       0 |   0.0
        D:3 |      66 |      34 |  34.0 |      17 |      10 |  37.0
        D:4 |     391 |       0 |   0.0 |      11 |       0 |   0.0
            +---------+---------+-------+---------+---------+-------
